 Dungeon Crawl Stone Soup version 0.32-a0-411-g744942f433 (webtiles) character file.

Game seed: 210062130575356988

147618 Drazool the Fencer (level 17, -9/132 (138) HPs)
             Began as a Coglin Gladiator on Feb 20, 2024.
             Was the Champion of Zin.
             Collided with a rock wall (17 damage)
             ... after being knocked back by a salamander mystic
             ... on level 4 of the Snake Pit on Feb 21, 2024.
             The game lasted 02:08:44 (25947 turns).

Drazool the Fencer (Coglin Gladiator)              Turns: 25947, Time: 02:08:44

HP:   -9/132 (138)  AC: 32    Str: 17    XL:     17   Next: 47%
MP:   12/26         EV: 15    Int: 12    God:    Zin [******]
Gold: 1704          SH:  0    Dex: 25    Spells: 16/16 levels left

rFire   + . .        o - +11 Singing Sword {sonic wave}
rCold   . . .        m - +5 long sword "Killer Bee's Death" {flame, Str+2}
rNeg    . . .        C - +12 chain mail of Pathos {rElec Will+++ Dex-3 SInv}
rPois   .            w - +2 helmet {Int+3}
rElec   +            g - scarf {+Inv}
rCorr   .            G - +2 pair of gloves
SInv    +            V - +0 pair of boots
Will    ++++.        M - amulet of regeneration Stlth
                     F - ring of protection from fire
HPRegen 1.22/turn    D - +6 ring of dexterity
MPRegen 0.20/turn

%: no passive effects
@: lethally poisoned (-9 -> -9), immotile, very slightly contaminated, lightly
drained, invisible, revved
A: off-hand wielding, slow wielding, warmup strikes, legs shutdown
a: Renounce Religion, Evoke Invisibility, Recite, Vitalisation, Imprison,
Sanctuary, Donate Gold


You were on level 4 of the Snake Pit.
You worshipped Zin.
Zin was exalted by your worship.
You visited 5 branches of the dungeon, and saw 27 of its levels.
You also visited: Gauntlet.

You collected 2493 gold pieces.
You spent 610 gold pieces at shops.
You donated 179 gold pieces to Zin.


Innate Abilities, Weirdness & Mutations

You can wield a second weapon in your off-hand.
It takes a long time for you to wield or remove held weapons.
Your first few attacks do less damage.
Attacking and casting redirects power from your legs.


   Skills:
 + Level 13.9 Fighting
 - Level 16.0 Long Blades
 - Level 2.0 Throwing
 - Level 11.0 Armour
 - Level 11.0 Dodging
 - Level 2.0 Stealth
 - Level 13.0 Invocations
 - Level 10.0 Evocations


You had 16 spell levels left.
You didn't know any spells.
Your spell library contained the following spells:

 Spells                   Type           Power      Damage    Failure   Level
 Apportation              Tloc           0%         N/A       92%         1
 Foxfire                  Conj/Fire      0%         2x1d4     92%         1
 Summon Small Mammal      Summ           0%         N/A       92%         1
 Jinxbite                 Hex            0%         N/A       98%         2
 Call Canine Familiar     Summ           0%         N/A       100%        3
 Frozen Ramparts          Ice            0%         1d1       100%        3
 Fugue of the Fallen      Necr           0%         N/A       100%        3
 Hailstorm                Conj/Ice       0%         3d5       100%        3
 Ozocubu's Armour         Ice            0%         N/A       100%        3
 Stone Arrow              Conj/Erth      0%         3d7       100%        3
 Summon Ice Beast         Ice/Summ       0%         N/A       100%        3
 Volatile Blastmotes      Fire/Tloc      0%         2d10      100%        3
 Animate Armour           Summ/Erth      0%         N/A       100%        4
 Ignite Poison            Fire/Alch      0%         N/A       100%        4
 Leda's Liquefaction      Alch/Erth      0%         N/A       100%        4
 Manifold Assault         Tloc           0%         N/A       100%        4
 Petrify                  Alch/Erth      0%         N/A       100%        4
 Sticky Flame             Fire/Alch      0%         2d4       100%        4
 Summon Blazeheart Golem  Fire/Summ      0%         N/A       100%        4
 Alistair's Intoxication  Alch           0%         N/A       100%        5
 Metabolic Englaciation   Hex/Ice        0%         N/A       100%        5
 Plasma Beam              Fire/Air       0%         2x1d10    100%        6
 Sculpt Simulacrum        Ice/Alch       0%         N/A       100%        6
 Starburst                Conj/Fire      0%         6d3       100%        6
 Ignition                 Fire           0%         3d3       100%        8
 Lehudib's Crystal Spear  Conj/Erth      0%         10d2      100%        8

Inventory:

Hand Weapons
 m - the +5 long sword "Killer Bee's Death" (offhand) {flame, Str+2}
   (You found it on level 4 of the Lair of Beasts)

   Str+2:     It affects your strength (+2).
 o - the +11 Singing Sword (weapon) {sonic wave}
   (You found it on level 4 of the Dungeon)
 A - the +11 falchion of Nuysink {venom, rPois Str+3 Stlth-}
   (You found it on level 5 of the Dungeon)

   Str+3:     It affects your strength (+3).
   rPois:     It protects you from poison Stlth-: It makes you less stealthy.
 Z - a +3 double sword of protection {Santos}
Missiles
 d - 2 throwing nets {=f}
 e - 8 javelins
 q - 18 boomerangs
Armour
 g - a scarf of invisibility (worn)
 w - a +2 helmet of intelligence (worn)
 C - the +12 chain mail of Pathos (worn) {rElec Will+++ Dex-3 SInv}
   (You found it on level 13 of the Dungeon)

   Dex-3:     It affects your dexterity (-3).
   rElec:     It insulates you from electricity.
   Will+++:   It greatly increases your willpower.
   SInv:      It lets you see invisible.
 G - a +2 pair of gloves (worn)
 V - a +0 pair of boots (worn)
Jewellery
 c - a ring of ice
 f - a ring of protection from fire
 D - a +6 ring of dexterity (right grasper)
 E - an amulet of reflection
 F - a ring of protection from fire (left grasper)
 M - an amulet of regeneration (around neck)
 N - a ring of positive energy
 O - a ring of fire
 P - a ring of poison resistance
 T - a +4 ring of protection
Wands
 r - a wand of iceblast (15)
 s - a wand of mindburst (5)
 L - a wand of quicksilver (6)
 S - a wand of flame (11)
 W - a wand of charming (9)
Scrolls
 a - a scroll of revelation
 i - 10 scrolls of teleportation {@r2}
 n - 2 scrolls of blinking
 t - 2 scrolls of amnesia
 u - a scroll of fear
 v - a scroll of silence {!r}
 x - a scroll of brand weapon {unknown}
 J - 2 scrolls of vulnerability
 Q - 4 scrolls of poison
 R - 3 scrolls of enchant armour
 X - 2 scrolls of fog
Potions
 b - 4 potions of mutation
 j - 4 potions of brilliance
 k - 2 potions of haste {@q3}
 l - 3 potions of curing {@q1}
 p - 2 potions of invisibility
 z - a potion of might {unknown}
 B - a potion of berserk rage {!q}
 H - 2 potions of heal wounds {unknown}
 I - 2 potions of resistance
 K - 4 potions of ambrosia
 U - 2 potions of enlightenment
 Y - 2 potions of attraction
Miscellaneous
 h - a lightning rod (4/4)
 y - a phantom mirror

Dungeon Overview and Level Annotations

Branches:
Dungeon (15/15)            Temple (1/1) D:7            Lair (5/5) D:9
  Swamp (0/4) Lair:2        Snake (4/4) Lair:3        Slime (0/5) Lair:4
    Orc (2/2) D:9             Elf (0/3) Orc:2        Vaults (0/5) D:13
 Depths (0/4) D:15        Gauntlet (visited)

Altars:
Ashenzari
Cheibriados
Dithmenos
Elyvilon
Fedhas
Gozag
Hepliaklqana
Kikubaaqudgha
Makhleb
Nemelex Xobeh
Okawaru
Qazlal
Ru
Sif Muna
Trog
Uskayaw
Vehumet
Wu Jian
Xom
Yredelemnul
Zin
The Shining One
Jiyva

Shops:
D:4 ?   D:7 (?=*[   D:8 [   D:11 :   D:12 (   D:15 (   Orc:2 :*[(!
Snake:2 (([(

Portals:
Trove: D:13 (give +7 demon trident)

Annotations:
Lair:1 exclusion: oklob plant
Lair:5 2 runed translucent doors
Snake:1 2 transporters, juan097's ghost, adept DsGl

..# #........#
..#####'#.....# ≈.
........#.....# ≈≈≈..
..#...###.....# ....▒
..#.#.........# ▒▒'''▒
....####......###▒▒.....
#.### ##...............
#.# #.....#.SN..## #.#
#.....##@S..# #..
#.....##.)).# ###
########.)..# ###)## #
##.))## ...
##..)..##.....
#.......''..#
#.......''.....
#...#...##.....+


You could see a salamander mystic (strong, unable to see you), a guardian
serpent and a black mamba (wandering, unable to see you).


Message History

A black mamba comes into view.
You feel sick.
You see here a +0 shortbow of flaming.
Unknown command.
You feel sick.
The black mamba hisses angrily.
The guardian serpent barely misses you.
Unknown command.
You closely miss the guardian serpent with the +5 long sword "Killer Bee's Death".
You hit the guardian serpent with the +11 Singing Sword.
You feel yourself speed up.
You feel sick.
The guardian serpent hits you but does no damage.
The salamander mystic gestures at you while chanting.
The bolt of magma hits you! You partially resist.
* * * LOW HITPOINT WARNING * * *
The black mamba hisses angrily.
Unknown command.
You barely miss the guardian serpent with the +11 Singing Sword.
The guardian serpent is lightly wounded.
You miss the guardian serpent with the +5 long sword "Killer Bee's Death".
The black mamba hisses angrily.
The guardian serpent hits you.
* * * LOW HITPOINT WARNING * * *
The salamander mystic points at you and mumbles some strange words.
The lance of force hits you!!
* * * LOW HITPOINT WARNING * * *
You are knocked back by the lance of force.
You slam into the rock wall!
You die...

Skill      XL: |  1  2  3  4  5  6  7  8  9 10 11 12 13 14 15 16 17 |
---------------+----------------------------------------------------+-----
Long Blades    | 4 5 6 7 9 11 13 16 | 16.0
Invocations    | 2 4 5 7 10 13 | 13.0
Dodging        | 4 5 6 7 9 11 | 11.0
Fighting       | 4 6 8 10 12 13 | 13.9
Throwing       | 2 |  2.0
Stealth        | 2 |  2.0
Evocations     | 5 10 | 10.0
Armour         | 3 5 10 11 | 11.0

Action                     |  1- 3 |  4- 6 |  7- 9 | 10-12 | 13-15 | 16-18 || total
---------------------------+-------+-------+-------+-------+-------+-------++-------
  Melee: Long sword        |    50 |    83 |    12 |       |       |    51 ||   196
         Dagger            |    14 |       |       |       |       |       ||    14
         Short sword       |    13 |    79 |    54 |       |       |       ||   146
         Double sword      |       |       |    98 |   188 |   473 |   320 ||  1079
         Falchion          |       |       |    49 |   189 |   449 |   205 ||   892
  Throw: Boomerang         |       |     2 |     6 |    14 |       |       ||    22
         Throwing net      |       |     1 |       |       |     1 |       ||     2
         Dart              |       |       |       |     1 |       |       ||     1
 Invoke: Recite            |       |       |       |     5 |    12 |     2 ||    19
Ability: Evoke Invisibilit |       |       |       |       |       |     1 ||     1
  Evoke: Wand              |       |       |       |       |    10 |     3 ||    13
         Lightning rod     |       |       |       |       |     2 |     4 ||     6
    Use: Scroll            |       |     7 |     4 |     5 |    11 |     3 ||    30
         Potion            |       |       |     2 |       |     2 |     2 ||     6
   Stab: Sleeping          |     3 |     1 |     1 |       |       |       ||     5
         Distracted        |       |       |     1 |     1 |     1 |       ||     3
         Paralysed         |       |       |       |       |     3 |       ||     3
         Invisible         |       |       |       |       |     4 |     1 ||     5
         Confused          |       |       |       |       |     1 |       ||     1
 Armour: Leather armour    |    21 |    41 |    28 |       |       |       ||    90
         Robe              |       |       |    13 |    83 |   167 |       ||   263
         Chain mail        |       |       |       |       |    24 |   279 ||   303
  Dodge: Dodged            |    23 |    43 |    49 |   131 |   298 |   183 ||   727
  Block: Other             |       |       |     3 |    40 |    76 |    10 ||   129
         Reflection        |       |       |       |    11 |    12 |     2 ||    25

Levels and vault maps discovered:
D:1:      dpeg_arrival_arbitrary_b, layout_loops_ring,
          shapermc_ecumenical_altar_mp_highgroup
D:2:      layout_loops_ring, uniq_natasha, uniq_terence
D:3:      layout_rooms, lemuel_tele_altar, roderic_serpentine_path,
          minmay_increasing_density
D:4:      old_forge, layout_basic, mainiacjoe_overflow_boulevard,
          gammafunk_temple_overflow_statue, nicolae_stop_n_shop_2
D:5:      layout_rooms, nicolae_wu_jian_wuxing_cycle, uniq_pikel,
          uniq_blork_the_orc
D:6:      layout_cave_pods, overflow_temple_1_default, nrook_mini_vaults,
          minmay_misc_feat_five, dk_noncrumbling_4, uniq_eustachio, uniq_sigmund
D:7:      layout_loops_cross, temple_statues, serial_shops,
          nicolae_shop_gaudy_bauble, shop, shop, nicolae_shop_stone,
          kennysheep_mini, kennysheep_flooded_box
D:8:      layout_cave_pods, serial_shops, shop
D:9:      layout_long_grid, lair_entry_dummy, orc_0_dummy,
          chequers_serial_rivers_large_a, uniq_gastronok, uniq_jeremiah
D:10:     hellmonk_ruined_rings, layout_irregular_city,
          worldfamousw_hep_ancestral_shrine,
          mainiacjoe_overflow_large_starburst, kennysheep_nondescript,
          minmay_fountain_box
D:11:     layout_roguey, serial_shops, shop, minivault_27, uniq_psyche,
          uniq_erolcha
D:12:     layout_basic, serial_shops, shop, fedhas_ov_isle_minmay
D:13:     layout_basic, david_vaults_3, enter_trove_6
D:14:     layout_loops_ring
D:15:     grunt_enter_depths_snipers, layout_rooms, corexii_leaking_fountain,
          serial_shops, shop, minmay_mirror_moons_of_madness
Temple:   nicolae_temple_bog_church
Lair:1:   lemuel_slime, layout_misc_corridors
Lair:2:   layout_small_grid, swamp_mist, hellmonk_talismancer, uniq_fannar,
          uniq_nergalle
Lair:3:   layout_gridlike, minmay_snake_entry_guardpost_medium,
          lemuel_another_geyser
Lair:4:   layout_regular_city, slime_entry_2, gauntlet_entry_generic,
          minmay_hedge_maze, lemuel_fruit_tree, uniq_sonja
Lair:5:   cheibrodos_lair_end_hotspot, layout_small_grid, uniq_nessos
Snake:1:  layout_misc_corridors, gammafunk_ghost_wrathful_warriors,
          grunt_ministairs_9, nicolae_snake_gridmaze_swirls
Snake:2:  layout_grid_shapes, minmay_shoptagon, grunt_megastairs_5
Snake:3:  layout_cave_shapes, basic_altar, uniq_asterion
Snake:4:  grunt_snake_rune_pools, layout_basic, hangedman_snake_pattern
Orc:1:    layout_caves
Orc:2:    st_orc_congregation, layout_diamond_mine, serial_shops,
          nicolae_shop_advertising_works [nicolae_subvault_shop_adworks]

Notes
Turn   | Place    | Note
-------+----------+-------------------------------------------
     0 | D:1      | Drazool the Coglin Gladiator began the quest for the Orb.
     0 | D:1      | Reached XP level 1. HP: 16/16 MP: 1/1
   107 | D:1      | Reached XP level 2. HP: 22/22 MP: 2/2
   354 | D:1      | Reached skill level 4 in Long Blades
   375 | D:1      | Reached XP level 3. HP: 27/27 MP: 3/3
   599 | D:1      | Found a faded altar of an unknown god.
   901 | D:2      | Noticed Terence
   911 | D:2      | Killed Terence
   912 | D:2      | Reached skill level 5 in Long Blades
   912 | D:2      | Reached XP level 4. HP: 28/33 MP: 4/4
  1238 | D:2      | Noticed Natasha
  1246 | D:2      | Killed Natasha
  1247 | D:2      | Reached XP level 5. HP: 26/38 MP: 5/5
  1318 | D:2      | Noticed Natasha
  1326 | D:2      | Killed Natasha
  1458 | D:2      | Reached skill level 6 in Long Blades
  1593 | D:2      | Noticed Natasha
  1602 | D:2      | Killed Natasha
  1662 | D:3      | Reached XP level 6. HP: 44/44 MP: 6/6
  2071 | D:3      | Found a stormy altar of Qazlal.
  2416 | D:4      | Found Mahoox's Magic Scroll Emporium.
  2433 | D:4      | Bought a scroll of revelation for 82 gold pieces
  2438 | D:4      | Bought a scroll of identify for 22 gold pieces
  2438 | D:4      | Bought a scroll of identify for 22 gold pieces
  2438 | D:4      | Bought a scroll of identify for 22 gold pieces
  2453 | D:4      | Found a glowing silver altar of Zin.
  2453 | D:4      | Found an ancient bone altar of Kikubaaqudgha.
  2484 | D:4      | Became a worshipper of Zin the Law-Giver
  2556 | D:4      | Found a snail-covered altar of Cheibriados.
  2581 | D:4      | Reached skill level 7 in Long Blades
  2581 | D:4      | Reached skill level 1 in Invocations
  2643 | D:4      | Reached skill level 2 in Invocations
  2669 | D:4      | Reached XP level 7. HP: 41/50 MP: 8/8
  2679 | D:4      | Reached skill level 3 in Invocations
  2723 | D:4      | Found the +11 Singing Sword {sonic wave}
  2810 | D:4      | Reached skill level 4 in Invocations
  2973 | D:4      | Reached skill level 3 in Dodging
  3070 | D:4      | Reached skill level 4 in Dodging
  3070 | D:4      | Reached XP level 8. HP: 53/56 MP: 11/11
  3261 | D:5      | Entered Level 5 of the Dungeon
  3307 | D:5      | Found an ornate altar of the Wu Jian Council.
  3401 | D:5      | Reached skill level 5 in Dodging
  3425 | D:5      | Reached skill level 3 in Fighting
  3480 | D:5      | Reached skill level 4 in Fighting
  3520 | D:5      | Reached skill level 2 in Throwing
  3538 | D:5      | Reached skill level 1 in Stealth
  3546 | D:5      | Noticed Blork the orc
  3552 | D:5      | Killed Blork the orc
  3553 | D:5      | Reached skill level 2 in Stealth
  3643 | D:5      | Identified the +11 falchion of Nuysink {venom, rPois Str+3
                  | Stlth-}
  3855 | D:5      | Noticed Pikel
  3871 | D:5      | Killed Pikel
  3872 | D:5      | Reached skill level 5 in Invocations
  3872 | D:5      | Reached XP level 9. HP: 54/65 MP: 12/12
  3874 | D:5      | Reached skill level 8 in Long Blades
  3914 | D:5      | Reached * piety under Zin
  4055 | D:6      | Identified a +2 robe of resistance
  4055 | D:6      | Noticed Sigmund
  4071 | D:6      | Killed Sigmund
  4103 | D:6      | Found a basalt altar of Yredelemnul.
  4235 | D:6      | Noticed Eustachio
  4253 | D:6      | Killed Eustachio
  4254 | D:6      | Reached skill level 9 in Long Blades
  4661 | D:6      | Reached skill level 5 in Fighting
  4717 | D:6      | Reached skill level 6 in Fighting
  5026 | D:7      | Found Jamihao's Jewellery Emporium.
  5069 | D:7      | Found Tosyix's Weapon Shoppe.
  5071 | D:7      | Found Amifyd's Magic Scroll Shop.
  5078 | D:7      | Bought a scroll of identify for 28 gold pieces
  5079 | D:7      | Bought a scroll of identify for 28 gold pieces
  5079 | D:7      | Bought a scroll of identify for 28 gold pieces
  5308 | D:7      | Found Agreusta's Assorted Antiques.
  5358 | D:7      | Found a staircase to the Ecumenical Temple.
  5399 | D:7      | Reached skill level 6 in Dodging
  5499 | D:7      | Found Dayc's Armour Boutique.
  5502 | D:7      | Bought a +0 pair of gloves for 54 gold pieces
  5824 | D:8      | Reached ** piety under Zin
  5830 | D:8      | Reached XP level 10. HP: 76/76 MP: 13/13
  5896 | D:8      | Found Igha Zut's Armour Boutique.
  5900 | D:8      | Reached skill level 7 in Dodging
  6017 | D:8      | Identified a potion of resistance
  6531 | D:9      | Noticed Jeremiah
  6619 | D:8      | Reached skill level 1 in Evocations
  6655 | D:9      | Reached skill level 2 in Evocations
  6700 | D:9      | Reached skill level 3 in Evocations
  6777 | D:9      | Found a staircase to the Orcish Mines.
  6777 | D:9      | Noticed Gastronok
  6840 | D:9      | Killed Gastronok
  6841 | D:9      | Reached skill level 5 in Evocations
  6887 | D:9      | Reached skill level 10 in Long Blades
  7015 | D:9      | Killed Jeremiah
  7310 | D:9      | Found a staircase to the Lair.
  7319 | D:9      | Reached *** piety under Zin
  7502 | D:10     | Entered Level 10 of the Dungeon
  7597 | D:10     | Found a broken altar of Ashenzari.
  7644 | D:10     | Noticed a gargoyle
  7650 | D:10     | Killed a gargoyle
  7651 | D:10     | Reached skill level 11 in Long Blades
  7658 | D:10     | Found a radiant altar of Vehumet.
  7658 | D:10     | Noticed a gargoyle
  7700 | D:10     | Killed a gargoyle
  7701 | D:10     | Reached XP level 11. HP: 83/83 MP: 14/14
  7713 | D:10     | Reached skill level 7 in Fighting
  8061 | Temple   | Entered the Ecumenical Temple
  8271 | D:10     | Found a hazy altar of Hepliaklqana.
  8444 | Lair:1   | Entered Level 1 of the Lair of Beasts
  8456 | Lair:1   | Reached skill level 8 in Fighting
  8588 | Lair:1   | Reached skill level 8 in Dodging
  9057 | Lair:1   | Reached skill level 9 in Dodging
  9102 | Lair:1   | Reached skill level 6 in Invocations
  9213 | Lair:1   | Noticed an oklob plant
  9379 | Lair:2   | Reached skill level 7 in Invocations
  9380 | Lair:2   | Reached skill level 1 in Armour
  9386 | Lair:2   | Reached skill level 2 in Armour
  9489 | Lair:2   | Noticed Nergalle
  9503 | Lair:2   | Killed Nergalle
  9504 | Lair:2   | Reached skill level 3 in Armour
  9504 | Lair:2   | Reached XP level 12. HP: 86/92 MP: 17/17
  9643 | Lair:2   | Noticed a skyshark
  9657 | Lair:2   | Killed a skyshark
  9658 | Lair:2   | Reached skill level 4 in Armour
  9797 | Lair:2   | Reached skill level 5 in Armour
  9842 | Lair:2   | Noticed Fannar
  9845 | Lair:2   | Killed Fannar
  9865 | Lair:2   | Found a staircase to the Swamp.
  9971 | Lair:2   | Noticed a boulder beetle
  9971 | Lair:2   | Noticed a boulder beetle
  9988 | Lair:2   | Reached skill level 12 in Long Blades
 10499 | Lair:3   | Noticed a death yak
 10502 | Lair:3   | Noticed a death yak
 10509 | Lair:3   | Noticed a death yak
 10514 | Lair:3   | Killed a death yak
 10519 | Lair:3   | Killed a death yak
 10525 | Lair:3   | Killed a death yak
 10526 | Lair:3   | Reached skill level 13 in Long Blades
 10618 | Lair:3   | Reached skill level 9 in Fighting
 10629 | Lair:3   | Noticed a six-headed hydra
 11022 | D:11     | Reached **** piety under Zin
 11034 | D:11     | Noticed Erolcha
 11038 | D:11     | Killed Erolcha
 11069 | D:11     | Found Leotur's Book Shoppe.
 11113 | D:11     | Reached skill level 10 in Fighting
 11115 | D:11     | Reached XP level 13. HP: 97/103 MP: 18/18
 11313 | D:11     | Noticed Psyche
 11325 | D:11     | Killed Psyche
 11431 | D:11     | Identified the +2 quarterstaff of Dere {vamp, ^Fragile
                  | Will++ Int+5}
 11578 | D:12     | Reached skill level 10 in Dodging
 11750 | D:12     | Found Qoubleh's Antique Weapon Boutique.
 11754 | D:12     | Bought a runed double sword for 324 gold pieces
 11936 | D:12     | Found a blossoming altar of Fedhas.
 12398 | D:12     | Reached skill level 11 in Dodging
 12639 | D:13     | Reached ***** piety under Zin
 12985 | Orc:1    | Entered Level 1 of the Orcish Mines
 13033 | D:9      | Reached skill level 8 in Invocations
 13454 | Orc:1    | Reached ****** piety under Zin
 13654 | Orc:2    | Entered Level 2 of the Orcish Mines
 13723 | Orc:2    | Reached skill level 9 in Invocations
 13801 | Orc:2    | Paralysed by an orc sorcerer for 4 turns
 14457 | Orc:2    | Found a staircase to the Elven Halls.
 14522 | Orc:2    | Reached skill level 10 in Invocations
 14522 | Orc:2    | Reached XP level 14. HP: 105/110 MP: 21/21
 14565 | Orc:2    | Paralysed by an orc sorcerer for 4 turns
 14762 | Orc:2    | Noticed an orc warlord
 14775 | Orc:2    | Killed an orc warlord
 14776 | Orc:2    | Reached skill level 14 in Long Blades
 15000 | Orc:2    | Found Akeod's Distillery.
 15180 | Orc:2    | Found Epunnov's General Store.
 15181 | Orc:2    | Found Qanydgh's Book Boutique.
 15183 | Orc:2    | Found Ekloluh's Antique Armour Boutique.
 15183 | Orc:2    | Found Niotiataca's Antique Weapon Shop.
 15698 | Lair:3   | Found a staircase to the Snake Pit.
 15746 | Lair:3   | Reached skill level 15 in Long Blades
 16031 | Lair:4   | Found a gate leading to a gauntlet.
 16050 | Gauntlet | Entered a Gauntlet
 16050 | Gauntlet | Found a transporter.
 16079 | Gauntlet | Found a transporter.
 16081 | Gauntlet | Found a transporter.
 16082 | Gauntlet | Found a transporter.
 16086 | Gauntlet | Found a runed translucent door.
 16088 | Gauntlet | Found a runed translucent door.
 16090 | Gauntlet | Found a transporter.
 16093 | Gauntlet | Found a transporter.
 16094 | Gauntlet | Found a transporter.
 16104 | Gauntlet | Found a transporter.
 16106 | Gauntlet | Found a transporter.
 16107 | Gauntlet | Found a transporter.
 16115 | Gauntlet | Found a transporter.
 16115 | Gauntlet | Noticed a reaper
 16118 | Gauntlet | Found a transporter.
 16119 | Gauntlet | Found a transporter.
 16130 | Gauntlet | Found a transporter.
 16682 | Gauntlet | Identified the +9 orcbow "Plog" {flame, rF+ rN+ rCorr
                  | Dex-4}
 16889 | Lair:4   | Identified the +5 long sword "Killer Bee's Death" {flame,
                  | Str+2}
 17186 | Lair:4   | Noticed Sonja
 17198 | Lair:4   | Killed Sonja
 17379 | Lair:4   | Found a viscous altar of Jiyva.
 17380 | Lair:4   | Found a staircase to the Slime Pits.
 17673 | Lair:5   | Entered Level 5 of the Lair of Beasts
 17677 | Lair:5   | Reached skill level 16 in Long Blades
 18238 | Lair:5   | Reached XP level 15. HP: 108/115 MP: 23/23
 18278 | Lair:5   | Reached skill level 11 in Invocations
 18347 | Lair:5   | Found a large runed translucent door.
 18348 | Lair:5   | Found a large runed translucent door.
 18656 | Lair:5   | Reached skill level 12 in Invocations
 18661 | Lair:5   | Reached skill level 6 in Evocations
 18733 | Lair:5   | Reached skill level 7 in Evocations
 18887 | Lair:5   | Reached skill level 8 in Evocations
 18939 | Lair:5   | Noticed Nessos
 18951 | Lair:5   | Killed Nessos
 18998 | Lair:5   | Reached skill level 9 in Evocations
 19291 | Lair:5   | Identified the +5 chain mail of Blue Skies {Rampage rElec
                  | rN+ Int+4}
 19735 | D:13     | Noticed Rupert
 19735 | D:13     | Found a gate to the Vaults.
 19858 | D:13     | Reached skill level 10 in Evocations
 20158 | D:13     | Killed Rupert
 20171 | D:13     | Identified the +12 chain mail of Pathos {rElec Will+++
                  | Dex-3 SInv}
 20291 | D:13     | Reached skill level 13 in Invocations
 20555 | D:13     | Found a portal to a secret trove of treasure.
 20979 | D:14     | Reached XP level 16. HP: 113/122 MP: 25/25
 20982 | D:14     | Reached skill level 6 in Armour
 21222 | D:14     | Reached skill level 7 in Armour
 21938 | D:15     | Entered Level 15 of the Dungeon
 22072 | D:15     | Reached skill level 11 in Fighting
 22162 | D:15     | Found a staircase to the Depths.
 22242 | D:15     | Reached skill level 12 in Fighting
 22407 | D:15     | Reached skill level 8 in Armour
 22483 | D:15     | Got the Secrets of Frostbitten Combustion
 22600 | D:15     | Found Ichisti's Weapon Emporium.
 22922 | Snake:1  | Entered Level 1 of the Snake Pit
 23347 | Snake:1  | Found a transporter.
 23350 | Snake:1  | Found a transporter.
 23386 | Snake:1  | Reached skill level 9 in Armour
 23653 | Snake:1  | Found a bloodstained altar of Trog.
 23685 | Snake:1  | Noticed juan097's ghost (adept DsGl)
 23878 | Snake:2  | Reached skill level 10 in Armour
 23938 | Snake:2  | Noticed a nagaraja
 23956 | Snake:2  | Killed a nagaraja
 23957 | Snake:2  | Reached XP level 17. HP: 96/133 MP: 26/26
 24073 | Snake:2  | Found Ozoatt's Antique Weapon Emporium.
 24073 | Snake:2  | Found Zous's Weapon Shoppe.
 24074 | Snake:2  | Found Dukhuff's Antique Weapon Shoppe.
 24078 | Snake:2  | Found Piys's Armour Emporium.
 24108 | Snake:2  | You fall into a shaft and drop 1 floor!
 24333 | Snake:3  | Found a shimmering blue altar of Sif Muna.
 24341 | Snake:3  | Noticed Asterion
 24347 | Snake:3  | Noticed an Executioner
 24476 | Snake:2  | Reached skill level 11 in Armour
 25232 | Snake:3  | Killed Asterion
 25295 | Snake:3  | Reached skill level 13 in Fighting
 25651 | Snake:4  | Entered Level 4 of the Snake Pit
 25947 | Snake:4  | HP: 8/132 [salamander mystic/lance of force (18)]
 25947 | Snake:4  | Collided with a rock wall

Vanquished Creatures
  Rupert (D:13)
  Asterion (Snake:3)
  Gastronok (D:9)
  2 nagarajas
  An orc warlord (Orc:2)
  A stone giant (D:15)
  Nessos (Lair:5)
  A minotaur (Gauntlet)
  An entropy weaver (shapeshifter) (D:15)
  5 hydras
  Fannar (Lair:2)
  Erolcha (D:11)
  2 catoblepae
  3 anacondas
  7 boulder beetles
  9 centaur warriors
  4 tengu warriors
  3 two-headed ogres
  6 naga warriors
  14 death yaks
  4 orc high priests
  An occultist (D:15)
  Sonja (Lair:4)
  9 shock serpents
  9 naga sharpshooters
  Nergalle (Lair:2)
  A skyshark (Lair:2)
  2 sixfirhies (Gauntlet)
  8 skeletal warriors
  A naga ritualist (Snake:3)
  A lindwurm (Lair:5)
  5 mana vipers
  6 orc knights
  Pikel (D:5)
  2 deep elf pyromancers (D:15)
  6 orc sorcerers
  3 salamanders
  A wolf spider (D:15)
  19 ugly things
  2 manticores
  An oklob plant (Gauntlet)
  2 cyclopes
  A meliai (shapeshifter) (D:15)
  3 kobold blastminers
  3 guardian serpents
  9 elephants
  23 black mambas
  3 molten gargoyles (Lair:5)
  3 gargoyles
  7 naga magi
  2 unseen horrors (D:12)
  Jeremiah (D:9)
  3 kobold demonologists (D:12)
  16 cane toads
  An unseen horror (shapeshifter) (D:14)
  Psyche (D:11)
  3 rime drakes
  A freezing wraith (D:15)
  2 efreet (D:14)
  11 komodo dragons
  3 tengu conjurers
  5 trolls
  3 polar bears (Lair:5)
  4 hornets
  11 blink frogs
  11 dream sheep
  A hornet (shapeshifter) (D:15)
  2 slime creatures (D:15)
  Sigmund (D:6)
  2 vampires (D:12)
  A shadow (D:12)
  5 wyverns
  59 yaks
  Eustachio (D:6)
  15 humans (D:13)
  7 wraiths
  A hog (shapeshifter) (D:15)
  4 vampire mosquitoes (D:13)
  7 basilisks
  3 wargs
  A steam dragon (Lair:5)
  3 acid dragons
  3 hell hounds (Lair:5)
  24 nagas
  14 water moccasins
  24 orc warriors
  A black bear (D:5)
  2 ice beasts
  2 laughing skulls (D:14)
  8 wolves
  6 boggarts
  8 ogres
  17 centaurs
  2 lemures (D:5)
  2 phantoms (D:4)
  5 kobold brigands
  14 bullfrogs
  Blork the orc (D:5)
  A gnoll sergeant (D:11)
  9 scorpions
  10 wights
  13 killer bees
  2 howler monkeys
  An electric eel (D:7)
  2 bombardier beetles (D:5)
  5 lava snakes (Lair:5)
  2 hounds
  6 jellies
  17 orc priests
  4 iguanas
  Terence (D:2)
  19 orc wizards
  A sleepcap (D:7)
  Natasha (thrice) (D:2)
  15 gnolls
  11 adders
  A shadow imp (D:6)
  4 ufetubi
  A dart slug (D:1)
  2 ribbon worms (D:2)
  45 orcs
  5 ball pythons
  30 endoplasms
  3 giant cockroaches
  9 goblins
  3 hobgoblins
  2 quokkas (D:2)
  13 bats
  2 frilled lizards
  23 kobolds
  6 rats
798 creatures vanquished.

Vanquished Creatures (others)
  A black mamba (Snake:3)
  An orc warrior (Orc:1)
  2 orc wizards
4 creatures vanquished.

Grand Total: 802 creatures vanquished

Table legend: (Time is in decaauts)
 A = Elapsed time spent in this place.
 B = Non-inter-level travel time spent in this place.
 C = Inter-level travel time spent in this place.
 D = Time resting spent in this place.
 E = Time spent auto-exploring this place.
 F = Levels seen in this place.
 G = Mean time per level.
                   A        B        C        D        E       F      G
               +--------+--------+--------+--------+--------+-----+--------+
         Total |  25678 |  23938 |   1740 |   3015 |  15273 |  28 |  917.1 |
       Dungeon |  13893 |  12749 |   1144 |    893 |   9042 |  15 |  926.2 |
        Temple |     17 |     17 |      0 |      0 |      0 |   1 |   17.0 |
          Lair |   6032 |   5561 |    471 |    855 |   3507 |   5 | 1206.4 |
     Snake Pit |   2976 |   2911 |     65 |    358 |   1799 |   4 |  744.0 |
  Orcish Mines |   2022 |   1963 |     59 |    525 |    796 |   2 | 1011.0 |
      Gauntlet |    736 |    736 |      0 |    383 |    129 |   1 |  736.0 |
               +--------+--------+--------+--------+--------+-----+--------+

Top non-repeatable levels by time:
  Lair:2: 1460 daAuts
  Lair:5: 1384 daAuts
    D:13: 1383 daAuts
  Lair:4: 1347 daAuts
    D:12: 1290 daAuts
     D:9: 1105 daAuts
     D:8: 1057 daAuts
  Lair:1: 1031 daAuts
   Orc:2: 1029 daAuts
 Snake:2: 1026 daAuts
   Orc:1: 993 daAuts
    D:14: 990 daAuts
     D:6: 984 daAuts
 Snake:3: 888 daAuts
    D:10: 856 daAuts

Table legend:
 A = Non-vault XP
 B = Vault XP
 C = Vault XP percentage of total XP
 D = Non-vault monster count
 E = Vault monster count
 F = Vault count percentage of total count
                 A         B        C        D         E       F
            +---------+---------+-------+---------+---------+-------
      Total |  157407 |   53476 |  25.4 |     593 |     207 |  25.9
            +---------+---------+-------+---------+---------+-------
        D:1 |      52 |       0 |   0.0 |      19 |       0 |   0.0
        D:2 |     152 |      73 |  32.4 |      23 |       2 |   8.0
        D:3 |      93 |      24 |  20.5 |      11 |       4 |  26.7
        D:4 |     372 |     471 |  55.9 |      11 |      14 |  56.0
        D:5 |     774 |     721 |  48.2 |      21 |       2 |   8.7
        D:6 |     836 |     431 |  34.0 |      20 |       2 |   9.1
        D:7 |     473 |       0 |   0.0 |      10 |       0 |   0.0
        D:8 |     920 |       0 |   0.0 |      18 |       0 |   0.0
        D:9 |    2987 |    1834 |  38.0 |      38 |       2 |   5.0
       D:10 |    1778 |       0 |   0.0 |      13 |       0 |   0.0
       D:11 |    4031 |    1203 |  23.0 |      28 |       2 |   6.7
       D:12 |    7844 |       0 |   0.0 |      27 |       0 |   0.0
       D:13 |   10827 |    6413 |  37.2 |      24 |      19 |  44.2
       D:14 |   13423 |       0 |   0.0 |      22 |       0 |   0.0
       D:15 |   17212 |    5921 |  25.6 |      35 |       8 |  18.6
     Lair:1 |    5867 |     100 |   1.7 |      25 |      19 |  43.2
     Lair:2 |    6017 |    3314 |  35.5 |      28 |       4 |  12.5
     Lair:3 |   11210 |     996 |   8.2 |      36 |       6 |  14.3
     Lair:4 |    6069 |     883 |  12.7 |      21 |       7 |  25.0
     Lair:5 |   22191 |    7435 |  25.1 |      52 |      26 |  33.3
    Snake:1 |    5562 |     960 |  14.7 |      12 |       2 |  14.3
    Snake:2 |   14565 |    1248 |   7.9 |      30 |       2 |   6.2
    Snake:3 |   11622 |    1705 |  12.8 |      19 |       1 |   5.0
    Snake:4 |    6977 |    4730 |  40.4 |      12 |       8 |  40.0
      Orc:1 |    3415 |       0 |   0.0 |      22 |       0 |   0.0
      Orc:2 |    2138 |   10950 |  83.7 |      16 |      69 |  81.2
   Gauntlet |       0 |    4064 | 100.0 |       0 |       8 | 100.0
            +---------+---------+-------+---------+---------+-------
